 Seeded DCSS version 0.28.0-1-gb440e238dd (webtiles) character file.

Game seed: 13591998346360536447 (custom seed)

65 oldmanjim the Shield-Bearer (level 4, -4/28 HPs)
             Began as a Gargoyle Fighter on Feb 22, 2022.
             Slain by an iron imp (6 damage)
             ... summoned by Natasha
             ... on level 2 of the Dungeon.
             The game lasted 00:06:58 (1433 turns).

oldmanjim the Shield-Bearer (Gargoyle Fighter)      Turns: 1433, Time: 00:06:59

Health: -4/28      AC: 10    Str: 22    XL:     4   Next: 13%
Magic:  4/4        EV:  9    Int:  8    God:
Gold:   73         SH:  4    Dex:  9    Spells: 3/3 levels left

rFire   . . .      SeeInvis .   a - +0 long sword
rCold   . . .      Faith    .   c - +0 buckler
rNeg    + . .      Spirit   .   b - +0 scale mail
rPois   ∞          Reflect  .   (no helmet)
rElec   +          Harm     .   (no cloak)
rCorr   .          Rampage  .   (no gloves)
Will    .....                   (no boots)
Stlth   ..........              (no amulet)
HPRegen 0.09/turn               (no ring)
MPRegen 0.09/turn               (no ring)

@: slowed, very slow
A: sickness immunity, AC +3, negative energy resistance 1, electricity
resistance, torment resistance 1, petrification resistance
a: no special abilities


You were on level 2 of the Dungeon.
You visited 1 branch of the dungeon, and saw 2 of its levels.

You collected 73 gold pieces.

Inventory:

Hand Weapons
 a - a +0 long sword (weapon)
Missiles
 e - 3 poisoned darts (quivered)
 f - 17 arrows
Armour
 b - a +0 scale mail (worn)
 c - a +0 buckler (worn)
 g - a scarf of harm
Jewellery
 m - a ring of resist corrosion
Scrolls
 i - 2 scrolls of teleportation {unknown}
 j - 3 scrolls of identify {unknown}
 k - 3 scrolls of acquirement {unknown}
 l - a scroll of vulnerability {unknown}
Potions
 d - a potion of might
 h - a potion of haste {unknown}
 n - a potion of heal wounds {unknown}


   Skills:
 + Level 3.5 Fighting
 + Level 2.9 Long Blades
 + Level 3.6 Armour
 - Level 4.0 Shields


You had 3 spell levels left.
You didn't know any spells.
Your spell library contained the following spells:

 Spells                   Type           Power      Damage    Failure   Level
 Static Discharge         Conj/Air       0%         N/A       91%         2
 Dispel Undead            Necr           0%         3d6       100%        4
 Sticky Flame             Conj/Fire      0%         2d3       100%        4


Dungeon Overview and Level Annotations

Branches:
Dungeon (2/15)

Altars:

Annotations:
D:2 Natasha


Innate Abilities, Weirdness & Mutations

You are immune to sickness and miasma.
Your stone body is resilient. (AC +3)
You are immune to poison.
You resist negative energy. (rN+)
You are resistant to electric shocks. (rElec)
You are resistant to unholy torment.
You are immune to petrification.


Message History

You barely miss Natasha. Natasha claws you but does no damage.
You block Natasha's attack.
You hit Natasha.
Natasha is lightly wounded.
Natasha claws you. Natasha completely misses you.
You barely miss Natasha.
Natasha is lightly wounded.
Natasha claws you. x2; Natasha closely misses you.
You closely miss Natasha.
Natasha is lightly wounded.
Natasha claws you but does no damage. You block Natasha's attack.
You closely miss Natasha.
Natasha is lightly wounded.
Natasha zaps a wand.
The puff of flame hits you.
* * * LOW HITPOINT WARNING * * *
Natasha claws you.
* * * LOW HITPOINT WARNING * * *
You closely miss Natasha.
Natasha is lightly wounded.
You block Natasha's attack. x2
You hit Natasha.
Natasha is heavily wounded.
Natasha casts a spell.
You closely miss Natasha.
Natasha is heavily wounded.
Natasha claws you but does no damage. You block Natasha's attack.
You hit Natasha.
Natasha is almost dead.
Natasha zaps a wand.
The puff of flame hits you but does no damage.
You block the iron imp's attack. Natasha casts a spell at you.
The magic dart hits you but does no damage.
The iron imp closely misses you.
You barely miss Natasha.
Natasha is almost dead.
Natasha zaps a wand.
The puff of flame hits you.
* * * LOW HITPOINT WARNING * * *
Natasha claws you but does no damage. The iron imp hits you.
You die...

#.# #.#.#
#####.########.#.#
#...........##.#.#######
#.###.#####.##...†......
#.# #.# #.##.(........
#.# #[# #.##..#####..#
#.# #.#####.#.>...# ..
#.# #......#..#..#...#
#.# #######.#.@h#..⌠.8#
#.# #.##5.#.⌠..## #.#
#.##..#...#_# #.#
#.##.#.#8#∩#.
#.#########.##....###.
#...>.......#######
#############


You could see an iron imp (summoned) and Natasha.

Vanquished Creatures
  An adder (D:2)
  A worm (D:2)
  4 dart slugs
  A bat (D:1)
  4 endoplasms
  A giant cockroach (D:2)
  6 hobgoblins
  5 jackals
  5 kobolds (D:1)
  A quokka (D:2)
  2 ball pythons
  A frilled lizard (D:2)
  2 goblins
  7 rats
41 creatures vanquished.

Notes
Turn   | Place    | Note
-------+----------+-------------------------------------------
     0 | D:1      | oldmanjim the Gargoyle Fighter began the quest for the Orb.
     0 | D:1      | Reached XP level 1. HP: 14/14 MP: 1/1
   133 | D:1      | Reached XP level 2. HP: 18/19 MP: 2/2
   356 | D:1      | Reached XP level 3. HP: 23/23 MP: 3/3
   643 | D:1      | Reached skill level 4 in Shields
  1364 | D:2      | Found a faded altar of an unknown god.
  1385 | D:2      | Reached XP level 4. HP: 27/28 MP: 4/4
  1421 | D:2      | Noticed Natasha
  1433 | D:2      | Slain by an iron imp

Illustrated notes

Levels and vault maps discovered:
D:1:      wander_arrival_fairy_ring, layout_basic, chequers_serial_rivers_room_a
D:2:      layout_loops_ring, shapermc_ecumenical_altar_venn, uniq_natasha

Skill      XL: |  1  2  3 |
---------------+----------+-----
Long Blades    | 2 |  2.9
Shields        | 4 |  4.0
Fighting       | |  3.5
Armour         | |  3.6

Action                   |  1- 3 |  4- 6 || total
-------------------------+-------+-------++-------
Melee: Long sword        |   111 |    11 ||   122
Armor: Scale mail        |    50 |     6 ||    56
Dodge: Dodged            |    47 |     4 ||    51
Block: Buckler           |    19 |     6 ||    25
